TOP OF THE 1ST |
Orlando Calrissian batting - Pitching for New Orleans Looters : RHP Étienne Garcia
|
Pitching: RHP Étienne Garcia
|
|
Batting: RHB Jesús Gonzáles
|
0-0: Ball 1-0: Foul Ball, location: 2F 1-1: Called Strike 1-2: Reached on error, E6 (Groundball, 6)
|
Batting: RHB Raúl Canó
|
0-0: Foul Ball, location: 2F 0-1: Foul Ball, location: 2F 0-2: Ball 1-2: Ball 2-2: Strikes out swinging
|
Batting: SHB Tim Abbott
|
0-0: Ball 1-0: Called Strike 1-1: SINGLE (Line Drive, 56D) Jesús Gonzáles to third Runner from 3rd tries for Home, SAFE, no throw
|
Batting: LHB Santiago Márquez
|
0-0: Called Strike 0-1: Foul Ball, location: 2F 0-2: Foul Ball, location: 2F 0-2: Foul Ball, location: 2F 0-2: Foul Ball, location: 2F 0-2: Foul Ball, location: 2F 0-2: Ball 1-2: SINGLE (Line Drive, 6D) Tim Abbott to second
|
Batting: RHB Frederico Hernández
|
0-0: SINGLE (Line Drive, 6MD) Tim Abbott to third Santiago Márquez to second
|
Batting: RHB Júlio Negrón
|
0-0: Called Strike 0-1: Foul Ball, location: 2F 0-2: Strikes out looking
|
Batting: RHB Chet Decker
|
0-0: Called Strike 0-1: Ball 1-1: Foul Ball, location: 2F 1-2: Strikes out swinging
|
Top of the 1st over - 1 run(s), 3 hit(s), 1 error(s), 3 left on base; Orlando 1 - New Orleans 0 |
BOTTOM OF THE 1ST |
New Orleans Looters batting - Pitching for Orlando Calrissian : RHP Dave Heath
|
Pitching: RHP Dave Heath
|
|
Batting: SHB Arturo Sánchez
|
0-0: Called Strike 0-1: Ball 1-1: Swinging Strike 1-2: Strikes out swinging
|
Batting: RHB Rubén Vázquez
|
0-0: Ball 1-0: Foul Ball, location: 2F 1-1: Ground out 4-3 (Groundball, 4)
|
Batting: LHB Seung-chun Mun
|
0-0: Ball 1-0: Ball 2-0: Swinging Strike 2-1: Ball 3-1: Called Strike 3-2: Fly out, F8 (Flyball, 8LD)
|
Bottom of the 1st over - 0 run(s), 0 hit(s), 0 error(s), 0 left on base; Orlando 1 - New Orleans 0 |
TOP OF THE 2ND |
Orlando Calrissian batting - Pitching for New Orleans Looters : RHP Étienne Garcia
|
Batting: SHB Brian Price
|
0-0: Called Strike 0-1: Ball 1-1: SINGLE (Flyball, 7S)
|
Batting: RHB José Pérez
|
0-0: Grounds into double play, 5-4-3 (Groundball, 56)
|
Batting: RHB Jesús Gonzáles
|
0-0: Ground out 5-3 (Groundball, 56)
|
Top of the 2nd over - 0 run(s), 1 hit(s), 0 error(s), 0 left on base; Orlando 1 - New Orleans 0 |
BOTTOM OF THE 2ND |
New Orleans Looters batting - Pitching for Orlando Calrissian : RHP Dave Heath
|
Batting: SHB Oliver Deleón
|
0-0: Ball 1-0: Swinging Strike 1-1: SINGLE (Flyball, 78S)
|
Batting: RHB Stephen Shaw
|
0-0: Ball 1-0: Called Strike 1-1: DOUBLE (Line Drive, 7LS) Oliver Deleón to third
|
Batting: LHB Eduardo Rodríguez
|
0-0: Ball 1-0: Called Strike 1-1: SINGLE (Groundball, 34D) Oliver Deleón scores Stephen Shaw to third Runner from 3rd tries for Home, SAFE, throw made home
|
Batting: RHB Tim Gardner
|
0-0: Ball 1-0: Hit by Pitch Eduardo Rodríguez to second
|
Batting: RHB Run-ming Zhu
|
0-0: Called Strike 0-1: Foul Ball, location: 2F 0-2: Grounds into double play, 5-4-3 (Groundball, 56) Eduardo Rodríguez to third
|
Batting: LHB Miguel Colón
|
0-0: SINGLE (Groundball, 5D) Eduardo Rodríguez scores
|
Batting: SHB Arturo Sánchez
|
0-0: Ball 1-0: Ball 2-0: Swinging Strike 2-1: Ground out 3-1 (Groundball, 3)
|
Bottom of the 2nd over - 3 run(s), 4 hit(s), 0 error(s), 1 left on base; Orlando 1 - New Orleans 3 |
TOP OF THE 3RD |
Orlando Calrissian batting - Pitching for New Orleans Looters : RHP Étienne Garcia
|
Batting: RHB Raúl Canó
|
0-0: Fly out, F9 (Flyball, 89M)
|
Batting: SHB Tim Abbott
|
0-0: Ball 1-0: Fly out, F7 (Flyball, 7S)
|
Batting: LHB Santiago Márquez
|
0-0: Ball 1-0: Ball 2-0: Called Strike 2-1: SINGLE (Flyball, 7LS)
|
Batting: RHB Frederico Hernández
|
0-0: Ball 1-0: Foul Ball, location: 2F 1-1: Ball 2-1: Swinging Strike 2-2: Fielders Choice at 2nd, 6-4 (Groundball, 6)
|
Top of the 3rd over - 0 run(s), 1 hit(s), 0 error(s), 0 left on base; Orlando 1 - New Orleans 3 |
BOTTOM OF THE 3RD |
New Orleans Looters batting - Pitching for Orlando Calrissian : RHP Dave Heath
|
Batting: RHB Rubén Vázquez
|
0-0: Ball 1-0: Called Strike 1-1: Ball 2-1: Foul Ball, location: 2F 2-2: Foul Ball, location: 2F 2-2: Ball 3-2: Base on Balls
|
Batting: LHB Seung-chun Mun
|
0-0: Ball 1-0: Called Strike 1-1: Ball 2-1: Swinging Strike 2-2: Foul Ball, location: 2F 2-2: Ball 3-2: Foul Ball, location: 2F 3-2: SINGLE (Groundball, 56D) Rubén Vázquez to second Rubén Vázquez to third
|
Batting: SHB Oliver Deleón
|
0-0: Ball 1-0: Fly out, F6 (Line Drive, 6M)
|
Batting: RHB Stephen Shaw
|
0-0: Ball 1-0: Ball 2-0: Called Strike 2-1: Ball 3-1: Foul Ball, location: 2F 3-2: Foul Ball, location: 2F 3-2: SINGLE (Line Drive, 6D) Rubén Vázquez scores Seung-chun Mun to second
|
Batting: LHB Eduardo Rodríguez
|
0-0: Swinging Strike 0-1: Ball 1-1: Fly out, F4 (Line Drive, 4M)
|
Batting: RHB Tim Gardner
|
0-0: Called Strike 0-1: Ground out 6-3 (Groundball, 6S)
|
Bottom of the 3rd over - 1 run(s), 2 hit(s), 0 error(s), 2 left on base; Orlando 1 - New Orleans 4 |
TOP OF THE 4TH |
Orlando Calrissian batting - Pitching for New Orleans Looters : RHP Étienne Garcia
|
Batting: RHB Júlio Negrón
|
0-0: Ball 1-0: Fly out, F9 (Flyball, 89D)
|
Batting: RHB Chet Decker
|
0-0: Ground out U3 (Groundball, 34)
|
Batting: SHB Brian Price
|
0-0: Ball 1-0: Fly out, F7 (Line Drive, 78D)
|
Top of the 4th over - 0 run(s), 0 hit(s), 0 error(s), 0 left on base; Orlando 1 - New Orleans 4 |
BOTTOM OF THE 4TH |
New Orleans Looters batting - Pitching for Orlando Calrissian : RHP Dave Heath
|
Batting: RHB Run-ming Zhu
|
0-0: Ball 1-0: Ball 2-0: Ball 3-0: Called Strike 3-1: Ground out 6-3 (Groundball, 56)
|
Batting: LHB Miguel Colón
|
0-0: Swinging Strike 0-1: Ball 1-1: Foul Ball, location: 2F 1-2: Ball 2-2: SINGLE (Groundball, 5D)
|
Batting: SHB Arturo Sánchez
|
0-0: Ball 1-0: Ball 2-0: Ball Miguel Colón is caught stealing 2nd base 3-0: Called Strike 3-1: SINGLE (Groundball, 3D)
|
Batting: RHB Rubén Vázquez
|
0-0: Ball 1-0: SINGLE (Line Drive, 89S) Arturo Sánchez to second
|
Batting: LHB Seung-chun Mun
|
0-0: Called Strike 0-1: Foul Ball, location: 2F 0-2: Strikes out swinging
|
Bottom of the 4th over - 0 run(s), 3 hit(s), 0 error(s), 2 left on base; Orlando 1 - New Orleans 4 |
TOP OF THE 5TH |
Orlando Calrissian batting - Pitching for New Orleans Looters : RHP Étienne Garcia
|
Batting: RHB José Pérez
|
0-0: Called Strike 0-1: Called Strike 0-2: Ball 1-2: Ball 2-2: Foul Ball, location: 2F 2-2: Fly out, F3 (Line Drive, 34)
|
Batting: RHB Jesús Gonzáles
|
0-0: Called Strike 0-1: Ball 1-1: Foul Ball, location: 2F 1-2: Foul Ball, location: 2F 1-2: Ball 2-2: Foul Ball, location: 2F 2-2: SINGLE (Groundball, 4MD)
|
Batting: RHB Raúl Canó
|
0-0: Ball Jesús Gonzáles steals 2nd base 1-0: Ball 2-0: SINGLE (Flyball, 89S) Jesús Gonzáles to third Runner from 3rd tries for Home, SAFE, no throw
|
Batting: SHB Tim Abbott
|
0-0: Ball 1-0: Foul Ball, location: 2F 1-1: Fly out, F8 (Flyball, 8LD)
|
Batting: LHB Santiago Márquez
|
0-0: Ball 1-0: Fly out, F9 (Line Drive, 89S)
|
Top of the 5th over - 1 run(s), 2 hit(s), 0 error(s), 1 left on base; Orlando 2 - New Orleans 4 |
BOTTOM OF THE 5TH |
New Orleans Looters batting - Pitching for Orlando Calrissian : RHP Dave Heath
|
Batting: SHB Oliver Deleón
|
0-0: Called Strike 0-1: Foul Ball, location: 2F 0-2: Foul Ball, location: 2F 0-2: Ball 1-2: Ground out 1-3 (Groundball, P)
|
Batting: RHB Stephen Shaw
|
0-0: Ball 1-0: Ball 2-0: Called Strike 2-1: SINGLE (Groundball, 6MD)
|
Batting: LHB Eduardo Rodríguez
|
0-0: Swinging Strike 0-1: Grounds into double play, 4-6-3 (Groundball, 4M)
|
Bottom of the 5th over - 0 run(s), 1 hit(s), 0 error(s), 0 left on base; Orlando 2 - New Orleans 4 |
TOP OF THE 6TH |
Orlando Calrissian batting - Pitching for New Orleans Looters : RHP Étienne Garcia
|
Batting: RHB Frederico Hernández
|
0-0: Called Strike 0-1: Foul Ball, location: 2F 0-2: Ball 1-2: Fly out, F6 (Popup, 56)
|
Batting: RHB Júlio Negrón
|
0-0: Ball 1-0: Foul Ball, location: 2F 1-1: Ball 2-1: Called Strike 2-2: Foul Ball, location: 2F 2-2: Strikes out swinging
|
Batting: RHB Chet Decker
|
0-0: Called Strike 0-1: Called Strike 0-2: Ground out 6-3 (Groundball, 6)
|
Top of the 6th over - 0 run(s), 0 hit(s), 0 error(s), 0 left on base; Orlando 2 - New Orleans 4 |
BOTTOM OF THE 6TH |
New Orleans Looters batting - Pitching for Orlando Calrissian : RHP Dave Heath
|
Batting: RHB Tim Gardner
|
0-0: Ground out 5-3 (Groundball, 56)
|
Batting: RHB Run-ming Zhu
|
0-0: Called Strike 0-1: Fly out, F4 (Line Drive, 4)
|
Batting: LHB Miguel Colón
|
0-0: Ball 1-0: SINGLE (Line Drive, 8LS)
|
Batting: SHB Arturo Sánchez
|
0-0: SINGLE (Line Drive, 6D) Miguel Colón to second
|
Batting: RHB Rubén Vázquez
|
0-0: Reached on error, E6 (Groundball, 56) Miguel Colón to third Arturo Sánchez to second
|
Batting: LHB Seung-chun Mun
|
0-0: Ball 1-0: Ball 2-0: Called Strike 2-1: Foul Ball, location: 2F 2-2: Foul Ball, location: 2F 2-2: Foul Ball, location: 2F 2-2: Foul Ball, location: 2F 2-2: Ground out 4-3 (Groundball, 4M)
|
Bottom of the 6th over - 0 run(s), 2 hit(s), 1 error(s), 3 left on base; Orlando 2 - New Orleans 4 |
TOP OF THE 7TH |
Orlando Calrissian batting - Pitching for New Orleans Looters : RHP Étienne Garcia
|
Batting: SHB Brian Price
|
0-0: Ball 1-0: Foul Ball, location: 2F 1-1: Foul Ball, location: 2F 1-2: Strikes out swinging
|
Batting: RHB José Pérez
|
0-0: Swinging Strike 0-1: Ground out 5-3 (Groundball, 56S)
|
Batting: RHB Jesús Gonzáles
|
0-0: Ball 1-0: Called Strike 1-1: TRIPLE (Line Drive, 89XD)
|
Batting: RHB Raúl Canó
|
0-0: Ball 1-0: Foul Ball, location: 2F 1-1: Swinging Strike 1-2: Ground out 4-3 (Groundball, 4M)
|
Top of the 7th over - 0 run(s), 1 hit(s), 0 error(s), 1 left on base; Orlando 2 - New Orleans 4 |
BOTTOM OF THE 7TH |
New Orleans Looters batting - Pitching for Orlando Calrissian : RHP Dave Heath
|
Pitching: RHP Will Huggins
|
|
Batting: SHB Oliver Deleón
|
0-0: Ball 1-0: Swinging Strike 1-1: Called Strike 1-2: Ball 2-2: Ball 3-2: Base on Balls
|
Batting: RHB Stephen Shaw
|
0-0: Ball 1-0: Fly out, F4 (Popup, 4D)
|
Batting: LHB Eduardo Rodríguez
|
0-0: Ball 1-0: Called Strike 1-1: Ball 2-1: Foul Ball, location: 2F 2-2: Ball 3-2: Strikes out swinging
|
Batting: RHB Tim Gardner
|
0-0: Ball 1-0: SINGLE (Line Drive, 8LS) Oliver Deleón to second
|
Batting: RHB Run-ming Zhu
|
0-0: Ball 1-0: Fly out, F7 (Flyball, 7LSF)
|
Bottom of the 7th over - 0 run(s), 1 hit(s), 0 error(s), 2 left on base; Orlando 2 - New Orleans 4 |
TOP OF THE 8TH |
Orlando Calrissian batting - Pitching for New Orleans Looters : RHP Étienne Garcia
|
Pitching: RHP Ienobu Sato
|
|
Batting: SHB Tim Abbott
|
0-0: Ball 1-0: Ball 2-0: Swinging Strike 2-1: Swinging Strike 2-2: Ball 3-2: Strikes out swinging
|
Batting: LHB Santiago Márquez
|
0-0: Ball 1-0: Foul Ball, location: 2F 1-1: Foul Ball, location: 2F 1-2: SINGLE (Flyball, 9S)
|
Batting: RHB Frederico Hernández
|
0-0: Called Strike 0-1: Foul Ball, location: 2F 0-2: Foul Ball, location: 2F 0-2: Foul Ball, location: 2F 0-2: Ball 1-2: Foul Ball, location: 2F 1-2: Ball 2-2: Fly out, F5 (Popup, 56)
|
Batting: RHB Júlio Negrón
|
0-0: Ball 1-0: Ball 2-0: Ball 3-0: Called Strike 3-1: Called Strike 3-2: Strikes out swinging
|
Top of the 8th over - 0 run(s), 1 hit(s), 0 error(s), 1 left on base; Orlando 2 - New Orleans 4 |
BOTTOM OF THE 8TH |
New Orleans Looters batting - Pitching for Orlando Calrissian : RHP Will Huggins
|
Batting: LHB Miguel Colón
|
0-0: Fly out, F7 (Flyball, 7LMF)
|
Batting: SHB Arturo Sánchez
|
0-0: Ball 1-0: Called Strike 1-1: Ground out 5-3 (Groundball, 56)
|
Batting: RHB Rubén Vázquez
|
0-0: Ball 1-0: Ball 2-0: Ground out 1-3 (Groundball, 15)
|
Bottom of the 8th over - 0 run(s), 0 hit(s), 0 error(s), 0 left on base; Orlando 2 - New Orleans 4 |
TOP OF THE 9TH |
Orlando Calrissian batting - Pitching for New Orleans Looters : RHP Ienobu Sato
|
Pitching: LHP Juan Méndez
|
|
Batting: RHB Chet Decker
|
0-0: Ball 1-0: Called Strike 1-1: Called Strike 1-2: Strikes out swinging
|
Batting: SHB Brian Price
|
0-0: Ball 1-0: Ball 2-0: Called Strike 2-1: Foul Ball, location: 2F 2-2: Strikes out swinging
|
Batting: RHB José Pérez
|
0-0: Ball 1-0: Ball 2-0: SINGLE (Groundball, 4) (infield hit)
|
Batting: RHB Jesús Gonzáles
|
0-0: Ball 1-0: Ball 2-0: Ball 3-0: Base on Balls José Pérez to second
|
Batting: RHB Raúl Canó
|
0-0: Ball 1-0: Ball Wild Pitch! José Pérez to third Jesús Gonzáles to second 2-0: Swinging Strike 2-1: Swinging Strike 2-2: Strikes out looking
|
Top of the 9th over - 0 run(s), 1 hit(s), 0 error(s), 2 left on base; Orlando 2 - New Orleans 4 |
|